 Dungeon Crawl Stone Soup version 0.23-a0-143-g1adec7b (webtiles) character file.

2294 Amnesiac the Chiller (level 9, -4/57 HPs)
             Began as a Mummy Ice Elementalist on Sept 4, 2018.
             Was a Follower of Vehumet.
             Slain by a gnoll
             ... wielding a +0 spear
              (7 damage)
             ... on level 3 of the Dungeon on Sept 5, 2018.
             The game lasted 00:10:44 (6851 turns).

Amnesiac the Chiller (Mummy Ice Elementalist)       Turns: 6851, Time: 00:10:44

Health: -4/57      AC:  3    Str: 12    XL:     9   Next: 17%
Magic:  3/18       EV: 12    Int: 17    God:    Vehumet [*.....]
Gold:   252        SH:  0    Dex: 12    Spells: 9/21 levels left

rFire    . . .     SeeInvis .   l - +3 whip (elec)
rCold    + + .     Gourm    .   (no shield)
rNeg     + + +     Faith    .   a - +1 robe
rPois    ∞         Spirit   .   (no helmet)
rElec    .         Reflect  .   b - scarf {rC+ rF+}
rCorr    .         Harm     .   (no gloves)
MR       +....                  (no boots)
Stlth    ++........             p - amulet of magic regeneration
HPRegen  0.19/turn              (no ring)
MPRegen  0.41/turn              (no ring)

@: no status effects
A: no food or potions, fire vulnerability, cold resistance 1, negative energy
resistance 3, torment resistance, unbreathing
a: Renounce Religion


You were on level 3 of the Dungeon.
You worshipped Vehumet.
Vehumet was aware of your devotion.
You were not hungry.

You visited 2 branches of the dungeon, and saw 8 of its levels.

You collected 252 gold pieces.

Inventory:

Hand Weapons
 l - a +3 whip of electrocution (weapon)
Missiles
 i - 4 curare-tipped needles
Armour
 a - a +1 robe (worn)
 b - a scarf of resistance (worn)
Jewellery
 o - an uncursed amulet of the acrobat
 p - an amulet of magic regeneration (around neck)
Wands
 d - a wand of acid (4)
 f - a wand of flame (38)
 h - a wand of digging (19)
Scrolls
 c - 2 scrolls of teleportation {!r}
 e - a scroll of fog {!r}
 g - 2 scrolls of amnesia {!r}
 j - 2 scrolls of remove curse {!r}
 k - a scroll of holy word {!r}
 m - a scroll of fear {!r, unknown}
 n - 9 scrolls of identify {!r}


   Skills:
 - Level 1.5 Dodging
 - Level 1.5 Stealth
 - Level 6.6 Spellcasting
 * Level 5.5 Conjurations
 - Level 6.6 Ice Magic
 - Level 4.0 Evocations


You had 9 spell levels left.
You knew the following spells:

 Your Spells              Type           Power        Failure   Level  Hunger
a - Throw Icicle          Conj/Ice       ####....     10%         4    N/A
b - Summon Ice Beast      Ice/Summ       ###.....     30%         4    N/A
d - Freeze                Ice            ####         1%          1    N/A
z - Ozocubu's Armour      Chrm/Ice       ###.....     10%         3    N/A

Your spell library contained the following spells:

 Spells                   Type           Power        Failure   Level  Hunger
 Shock                    Conj/Air       ###.         3%          1    N/A
 Throw Frost              Conj/Ice       ####..       1%          2    N/A

Dungeon Overview and Level Annotations

Branches:
Dungeon (7/15)             Temple (1/1) D:7

Altars:
Ashenzari
Cheibriados
Dithmenos
Elyvilon
Fedhas
Gozag
Kikubaaqudgha
Makhleb
Nemelex Xobeh
Qazlal
Trog
Vehumet
Wu Jian
Xom
Zin
The Shining One
Jiyva

Annotations:
D:7 Duvessa


Innate Abilities, Weirdness & Mutations

You do not eat or drink.
Your flesh is vulnerable to fire.
You are immune to poison.
Your flesh is cold resistant. (rC+)
You are immune to negative energy. (rN+++)
You are immune to unholy pain and torment.
You can survive without breathing.


Message History

Vehumet accepts your kill.
There are monsters nearby!
The hobgoblin hits you but does no damage.
The gnoll hits you from afar with a spear.
Casting: Throw Icicle (safe; 11% risk of failure)
Confirm with . or Enter, or press ? or * to list all spells.
Aiming: Throw Icicle (safe; 11% risk of failure)
Press: ? - help, Shift-Dir - straight line, f - hobgoblin
Aim: a hobgoblin, wielding a club The shard of ice hits the hobgoblin.
You kill the hobgoblin!
Vehumet accepts your kill. The centaur closely misses you.
The gnoll hits you from afar with a spear!
There are monsters nearby!
You hit the centaur but do no damage. Lightning courses through the centaur!
The centaur is heavily wounded.
The centaur hits you with a shortbow.
The gnoll hits you from afar with a spear!
* * * LOW HITPOINT WARNING * * *
The centaur completely misses you.
Casting: Throw Icicle (safe; 11% risk of failure)
Confirm with . or Enter, or press ? or * to list all spells.
Aiming: Throw Icicle (safe; 11% risk of failure)
Press: ? - help, Shift-Dir - straight line, f - centaur
Aim: a centaur, wielding a shortbow (heavily wounded)
The shard of ice hits the centaur.
The centaur is almost dead.
The centaur drinks a potion.
The centaur is healed!
The gnoll hits you from afar with a spear.
* * * LOW HITPOINT WARNING * * *
There are monsters nearby!
You are too injured to fight recklessly!
Casting: Throw Icicle (safe; 11% risk of failure)
Confirm with . or Enter, or press ? or * to list all spells.
Aiming: Throw Icicle (safe; 11% risk of failure)
Press: ? - help, Shift-Dir - straight line, f/p - centaur
Aim: a centaur, wielding a shortbow (heavily wounded)
The shard of ice hits the centaur.
The centaur is almost dead.
The centaur barely misses you. The gnoll closely misses you.
There are monsters nearby!
You are too injured to fight recklessly!
Casting: Throw Icicle (safe; 11% risk of failure)
Confirm with . or Enter, or press ? or * to list all spells.
You don't have enough magic to cast that spell.
You barely miss the centaur.
The centaur is almost dead.
The centaur hits you with a shortbow.
* * * LOW HITPOINT WARNING * * *
The centaur hits you with a shortbow.
* * * LOW HITPOINT WARNING * * *
The gnoll hits you from afar with a spear.
* * * LOW HITPOINT WARNING * * *
Evoke which item? (* to show all) (? for menu, Esc to quit)
Aiming: Corrosive Bolt
Press: ? - help, Shift-Dir - straight line, f/p - centaur
Aim: a centaur, wielding a shortbow (almost dead)
The bolt of acid hits the centaur.
The centaur is splashed with acid.
You kill the centaur!
Vehumet accepts your kill.
You feel your power returning.
The gnoll hits you from afar with a spear!
You die...

..l... #....##
##### .. #.....#
.( ##>###
.?.#...#.# ...
8...8#
..$#...#.####.#
.....##
..'...........
.....8#
#........#+##
.....##
#...........#
8...8#
###+##)..........#
.....#
#....†)@(##......#
.....8#
#....†...###.....#
.....## #....g...#
#.....# 8...8#
....######
#....##### ##_###
... #.#......#
##### ..
#.#(.....# .
#.†......#
##.......#
####.......#


You could see a gnoll.

Vanquished Creatures
  Pikel (D:6)
  A water moccasin (D:5)
  2 ice beasts (D:5)
  3 slaves (D:6)
  A black bear (D:6)
  3 ogres
  3 centaurs
  A bullfrog (D:6)
  Dowan (D:7)
  An electric eel (D:7)
  3 crimson imps (D:6)
  4 hounds
  3 bullfrog skeletons
  An orc priest (D:4)
  2 orc wizards (D:5)
  7 worker ants
  A hound skeleton (D:6)
  A worker ant zombie (D:5)
  7 adders
  6 gnolls
  2 shadow imps
  2 oozes
  An adder skeleton (D:4)
  4 worms
  A dart slug (D:4)
  2 leopard geckos
  18 orcs
  4 giant cockroaches
  7 goblins
  8 hobgoblins
  10 jackals
  2 quokkas
  A ball python (D:2)
  6 bats
  4 frilled lizards
  5 kobolds
  A quokka skeleton (D:6)
  6 rats
136 creatures vanquished.

Notes
Turn   | Place    | Note
-------+----------+-------------------------------------------
     0 | D:1      | Amnesiac the Mummy Ice Elementalist began the quest for the
                  | Orb.
     0 | D:1      | Reached XP level 1. HP: 13/13 MP: 4/4
   157 | D:3      | Reached XP level 2. HP: 16/19 MP: 2/5
   373 | D:4      | Reached XP level 3. HP: 4/24 MP: 0/7
   709 | D:5      | Entered Level 5 of the Dungeon
   764 | D:6      | Reached skill level 1 in Evocations
   764 | D:6      | Reached XP level 4. HP: 30/30 MP: 4/9
   878 | D:5      | Noticed an ice beast
   915 | D:4      | Learned a level 3 spell: Ozocubu's Armour
  1111 | D:4      | Reached XP level 5. HP: 24/35 MP: 7/11
  1217 | D:5      | Killed an ice beast
  1245 | D:5      | Noticed an ice beast
  1247 | D:5      | Noticed a centaur
  1511 | D:5      | Killed an ice beast
  1511 | D:5      | Reached XP level 6. HP: 29/41 MP: 12/12
  1897 | D:5      | Reached skill level 5 in Spellcasting
  1897 | D:5      | Reached skill level 5 in Ice Magic
  1899 | D:5      | Reached XP level 7. HP: 18/46 MP: 9/14
  3053 | D:6      | Noticed Pikel
  3070 | D:6      | Killed Pikel
  3070 | D:6      | Reached XP level 8. HP: 43/52 MP: 15/17
  3269 | D:6      | Learned a level 4 spell: Throw Icicle
  3274 | D:6      | Learned a level 4 spell: Summon Ice Beast
  3283 | D:6      | Reached skill level 1 in Conjurations
  3859 | D:6      | Found a shadowy altar of Dithmenos.
  4650 | D:3      | Found a glowing golden altar of the Shining One.
  5104 | D:7      | Noticed Duvessa
  5105 | D:7      | Noticed Dowan
  5116 | D:7      | Killed Dowan
  5276 | D:6      | Reached XP level 9. HP: 55/57 MP: 2/18
  5440 | D:7      | Reached skill level 5 in Conjurations
  5442 | D:7      | Found a staircase to the Ecumenical Temple.
  5451 | Temple   | Entered the Ecumenical Temple
  5573 | Temple   | Became a worshipper of Vehumet
  6293 | D:2      | Found a shimmering altar of Xom.
  6438 | D:2      | Found an opulent altar of Gozag.
  6443 | D:2      | Reached * piety under Vehumet
  6443 | D:2      | Offered knowledge of Shock by Vehumet.
  6485 | D:2      | Found a white marble altar of Elyvilon.
  6544 | D:2      | Found a shattered altar of Ashenzari.
  6653 | D:2      | Found a bloodstained altar of Trog.
  6851 | D:3      | Slain by a gnoll

Vault maps used:
D:1:      saegor_arrival_simple_e, hangedman_decor_riveting, minmay_tromino_v4_c
D:2:      old_standard_altar, bloody_trog, lemuel_doored_altar,
          overflow_temple_1_default, nicolae_ashenzari_panopticon
D:3:      nicolae_overflow_hidden_temple, lemuel_round_altar, kennysheep_nub
D:4:      grunt_decor_mini_mirrors
D:5:      cheibrodos_fzero, first_ration
D:6:      kennysheep_mini, kennysheep_cross_bottleneck, uniq_pikel
D:7:      cheibrodos_helix_gallery, overflow_temple_1_default,
          lemuel_zombie_altar_yredelemnul, old_standard_altar,
          minmay_temple_entry_statues_pillars, small_statue_intersection,
          uniq_duvessa
Temple:   pf_slime_end_temple

Skill      XL: |  1  2  3  4  5  6  7  8  9 |
---------------+----------------------------+-----
Spellcasting   | 3 4 5 6 |  6.6
Ice Magic      | 3 4 5 6 |  6.6
Evocations     | 1 2 3 4 |  4.0
Conjurations   | 4 5 |  5.5
Dodging        | |  1.5
Stealth        | |  1.5

Action                   |  1- 3 |  4- 6 |  7- 9 || total
-------------------------+-------+-------+-------++-------
Melee: Spear             |       |    29 |    16 ||    45
       Unarmed           |       |     1 |       ||     1
       Whip              |       |       |    72 ||    72
 Cast: Freeze            |    31 |    28 |   152 ||   211
       Ozocubu's Armour  |       |     1 |     6 ||     7
       Throw Icicle      |       |       |    25 ||    25
Evoke: Wand              |     1 |     3 |     5 ||     9
  Use: Scroll            |       |       |     8 ||     8
Armor: Robe              |     5 |     9 |    38 ||    52
Dodge: Dodged            |    17 |    37 |   167 ||   221

Table legend:
 A = Non-vault XP
 B = Vault XP
 C = Vault XP percentage of total XP
 D = Non-vault monster count
 E = Vault monster count
 F = Vault count percentage of total count
                 A         B        C        D         E       F
            +---------+---------+-------+---------+---------+-------
      Total |    2140 |    1138 |  34.7 |     119 |      14 |  10.5
            +---------+---------+-------+---------+---------+-------
        D:1 |      35 |       2 |   5.4 |      18 |       1 |   5.3
        D:2 |      81 |       0 |   0.0 |      23 |       0 |   0.0
        D:3 |     183 |       0 |   0.0 |      16 |       0 |   0.0
        D:4 |     505 |       0 |   0.0 |      16 |       0 |   0.0
        D:5 |     642 |     307 |  32.3 |      18 |       9 |  33.3
        D:6 |     582 |     650 |  52.8 |      25 |       2 |   7.4
        D:7 |     112 |     179 |  61.5 |       3 |       2 |  40.0
            +---------+---------+-------+---------+---------+-------
